 Dungeon Crawl Stone Soup version 0.29-a0-344-ge2f44be95a (webtiles) character file.

Game seed: 10400816383715647092

23086 Dauddaud the Severer (level 12, -13/115 HPs)
             Began as a Minotaur Berserker on Apr 21, 2022.
             Was a High Priest of Trog.
             Mangled by a snapping turtle (shapeshifter) (21 damage)
             ... on level 11 of the Dungeon.
             The game lasted 00:48:05 (16499 turns).

Dauddaud the Severer (Minotaur Berserker)          Turns: 16499, Time: 00:48:06

Health: -13/115    AC: 16    Str: 25      XL:     12   Next: 68%
Magic:  11/11      EV: 13    Int:  5 (8)  God:    Trog [*****.]
Gold:   1310       SH:  0    Dex: 18      Spells: 11/11 levels left

rFire   . . .      SeeInvis .   O - +2 war axe (venom)
rCold   + . .      Faith    .   (no shield)
rNeg    . . .      Spirit   .   r - +0 plate armour
rPois   +          Reflect  .   (helmet restricted)
rElec   .          Harm     .   w - +0 cloak {Will+}
rCorr   .          Rampage  .   (no gloves)
Will    +++..                   z - +1 pair of boots {Fly}
Stlth   ..........              (no amulet)
HPRegen 1.29/turn               L - +4 ring of evasion
MPRegen 0.12/turn               Q - ring of the Sparrow {rPois rC+ Int+4 Dex+6}

@: about to teleport, strong-willed, flying, regenerating
A: horns 2, retaliatory headbutt
a: Renounce Religion, Berserk, Trog's Hand, Brothers in Arms


You were on level 11 of the Dungeon.
You worshipped Trog.
Trog was extremely pleased with you.
You visited 1 branch of the dungeon, and saw 11 of its levels.
You also visited: Bailey.

You collected 1310 gold pieces.

Inventory:

Hand Weapons
 a - a +0 hand axe
 H - a +2 hand axe of flaming
 I - a +0 war axe
 O - a +2 war axe of venom (weapon)
 P - a +0 battleaxe
 R - a +5 battleaxe
Missiles
 S - 2 throwing nets (quivered)
Armour
 b - a +0 animal skin
 m - a +0 ring mail
 r - a +0 plate armour (worn)
 u - a +0 pair of boots
 w - a +0 cloak of willpower (worn)
 z - a +1 pair of boots of flying (worn)
 F - a +2 scale mail of poison resistance
 U - the +4 scale mail of Polish {+Blink Fly rF+}
   (You found it on level 9 of the Dungeon)

   rF:        It protects you from fire.
   Fly:       It grants you flight.
   +Blink:    It lets you blink.
Jewellery
 k - a ring of see invisible
 x - a +6 ring of intelligence
 L - a +4 ring of evasion (left hand)
 Q - the ring of the Sparrow (right hand) {rPois rC+ Int+4 Dex+6}
   (You found it on level 9 of the Dungeon)

   [ring of dexterity]

   Int:       It affects your intelligence (+4).
   Dex:       It affects your dexterity (+6).
   rC:        It protects you from cold.
   rPois:     It protects you from poison.
 T - a ring of willpower
 Z - a ring of ice
Wands
 t - a wand of iceblast (6)
 y - a wand of acid (5)
 G - a wand of digging (4)
 M - a wand of flame (11)
Scrolls
 c - 3 scrolls of enchant weapon {unknown}
 e - 2 scrolls of holy word
 f - 2 scrolls of torment
 j - 3 scrolls of noise
 l - a scroll of enchant armour
 n - 3 scrolls of amnesia
 D - a scroll of brand weapon
 E - 3 scrolls of fog
 J - a scroll of acquirement
 V - a scroll of summoning
 Y - a scroll of immolation {unknown}
Potions
 d - a potion of degeneration {unknown}
 g - 2 potions of brilliance
 h - 8 potions of curing
 i - 7 potions of might
 p - a potion of heal wounds {unknown}
 q - 2 potions of ambrosia
 s - 2 potions of flight
 v - 2 potions of magic
 A - a potion of lignification
 B - a potion of berserk rage {unknown}
 C - 2 potions of attraction
 K - a potion of resistance {unknown}
 N - a potion of cancellation
 W - a potion of invisibility {unknown}
 X - 2 potions of haste


   Skills:
 + Level 13.4 Fighting
 + Level 19.4 Axes
 - Level 5.8 Armour
 - Level 3.9 Dodging
 - Level 6.0 Evocations


You had 11 spell levels left.
You didn't know any spells.
Your spell library was empty.

Dungeon Overview and Level Annotations

Branches:
Dungeon (11/15)            Temple (0/1) D:6            Lair (0/6) D:11
    Orc (0/2) D:10         Bailey (visited)

Altars:
Hepliaklqana

Shops:
D:5 :

Portals:
Abyss: D:11

Annotations:
D:8 exclusion: 2 oklob saplings
D:11 1 transporter, Morbidden's ghost, journeyman TrBr


Innate Abilities, Weirdness & Mutations

You have a pair of horns on your head.
You reflexively headbutt those who attack you in melee.


Message History

The swamp drake's corpse disappears in a puff of smoke!
You slice the small abomination!! The worldbinder completely misses you.
The worldbinder hits you but does no damage.
The small abomination hits you.
The snapping turtle bites you but does no damage.
You closely miss Morbidden's ghost.
You headbutt Morbidden's ghost, but do no damage.
You slash the worldbinder! You hit the hellwing but do no damage.
You hit the small abomination. The worldbinder completely misses you.
The worldbinder barely misses you.
Morbidden's ghost hits you but does no damage.
The hellwing hits you but does no damage.
The hellwing hits you.
You closely miss Morbidden's ghost.
You hit the worldbinder but do no damage.
You hit the hellwing but do no damage.
The hellwing looks even sicker.
You hit the small abomination but do no damage.
The worldbinder hits you.
The worldbinder hits you but does no damage.
The small abomination hits you! The snapping turtle barely misses you.
Morbidden's ghost hits you but does no damage.
The hellwing hits you but does no damage. x2
You closely miss Morbidden's ghost. You slice the worldbinder!!
You destroy the worldbinder!
Trog accepts your kill.
The bog body disappears in a puff of smoke!
You hit the hellwing. You hit the small abomination.
The small abomination hits you!
The snapping turtle bites you from afar!!
As you read the scroll of teleportation, it crumbles to dust.
You feel strangely unstable.
The small abomination closely misses you.
Morbidden's ghost hits you!!
* * * LOW HITPOINT WARNING * * *
The hellwing hits you!
* * * LOW HITPOINT WARNING * * *
The hellwing misses you. The small abomination hits you.
* * * LOW HITPOINT WARNING * * *
The snapping turtle bites you from afar!!
You die...

.................## ##......
................############.....
.........................# ##....
####................©....## ##...
#....####.......###....## ##..
#....#..###...###[##....## ###
##...##.. ##..# ...#.....## #
#.....#.##.####t.∩##......##
#....##....§©@W..##........##
###...##..#.##4^x.##..........#
##.....#©.##..=.#..#©..........##
.......##).#.###.#.###.........##
........##..##.###.:.##........#.
........##..#....##...#........>.
#......##.#####...##..#.........#
###....#.#.##.##..##.##........##
###..##...#.4#..#.x#........##


You could see a snapping turtle, a hellwing (very poisoned), a small abomination
and Morbidden's ghost.

Vanquished Creatures
  Fannar (D:11)
  A hydra (D:10)
  2 vault guards (Bailey)
  8 two-headed ogres
  The ghost of P0WERM0DE the Schismatic, a novice DsAK of Lugonu (D:9)
  A catoblepas (D:9)
  Urug (D:11)
  A deep elf knight (D:9)
  Lodul (D:10)
  Pikel (D:4)
  2 cyclopes (D:11)
  An elephant (D:11)
  A worldbinder (D:11)
  A gargoyle (D:10)
  2 trolls (D:11)
  A hornet (D:8)
  Prince Ribbit (Bailey)
  3 shadows (D:10)
  A wyvern (D:9)
  Eustachio (D:6)
  14 yaks
  3 humans (Bailey)
  A basilisk (D:11)
  4 steam dragons
  A neqoxec (D:11)
  6 vampire mosquitoes
  Edmund (D:4)
  5 water moccasins
  Duvessa (D:6)
  A black bear (D:11)
  A sky beast (D:7)
  3 orc warriors
  8 ogres
  8 centaurs
  2 phantoms
  A kobold brigand (D:6)
  2 gnoll sergeants
  A necrophage (D:6)
  12 bullfrogs
  4 scorpions
  4 wights
  Dowan (D:6)
  A troll zombie (D:10)
  5 killer bees (D:10)
  2 jellies
  Crazy Yiuf (D:6)
  2 gnoll shamans
  5 hounds
  4 orc priests
  2 iguanas
  9 orc wizards
  7 ogre zombies (D:10)
  27 gnolls
  6 adders
  A shadow imp (D:6)
  2 ufetubi
  2 dart slugs
  35 orcs
  7 endoplasms
  A giant cockroach (D:4)
  10 hobgoblins
  6 jackals
  7 quokkas
  10 ball pythons
  5 bats
  2 frilled lizards
  12 goblins
  2 goblin skeletons (D:10)
  2 goblin zombies (D:10)
  A hobgoblin skeleton (D:10)
  2 hobgoblin zombies (D:10)
  3 kobolds
  3 orc skeletons (D:10)
  14 orc zombies (D:10)
  2 rats
316 creatures vanquished.

Vanquished Creatures (collateral kills)
  A human (Bailey)
1 creature vanquished.

Vanquished Creatures (others)
  A bush (D:8)
  8 plants (D:8)
9 creatures vanquished.

Grand Total: 326 creatures vanquished

Notes
Turn   | Place    | Note
-------+----------+-------------------------------------------
     0 | D:1      | Dauddaud the Minotaur Berserker began the quest for the
                  | Orb.
     0 | D:1      | Reached XP level 1. HP: 19/19 MP: 0/0
   105 | D:1      | Reached skill level 4 in Axes
   174 | D:1      | Reached XP level 2. HP: 26/26 MP: 1/1
   966 | D:1      | Reached skill level 5 in Axes
  1209 | D:2      | Reached XP level 3. HP: 29/31 MP: 2/2
  1539 | D:2      | Reached ** piety under Trog
  1592 | D:2      | Reached skill level 6 in Axes
  1592 | D:2      | Reached XP level 4. HP: 21/39 MP: 3/3
  2420 | D:3      | Found a faded altar of an unknown god.
  2973 | D:4      | Noticed Edmund
  2981 | D:4      | Killed Edmund
  2982 | D:4      | Reached skill level 7 in Axes
  2982 | D:4      | Reached XP level 5. HP: 32/45 MP: 4/4
  3424 | D:4      | Reached skill level 8 in Axes
  3707 | D:4      | Noticed a lemure
  3720 | D:4      | Noticed Pikel
  3720 | D:4      | Noticed a lemure
  3720 | D:4      | Noticed a lemure
  3721 | D:4      | Noticed a lemure
  3733 | D:4      | Killed Pikel
  3734 | D:4      | Reached skill level 10 in Axes
  3734 | D:4      | Reached XP level 6. HP: 51/51 MP: 5/5
  3734 | D:4      | Reached XP level 7. HP: 57/57 MP: 6/6
  3830 | D:5      | Entered Level 5 of the Dungeon
  3925 | D:5      | Reached skill level 11 in Axes
  4478 | D:5      | Reached XP level 8. HP: 52/64 MP: 7/7
  4747 | D:5      | Reached skill level 12 in Axes
  5091 | D:5      | Found Poata's Book Shoppe.
  5665 | D:6      | Found a staircase to the Ecumenical Temple.
  5668 | D:6      | Noticed Dowan
  5668 | D:6      | Noticed Duvessa
  5685 | D:6      | Killed Duvessa
  5686 | D:6      | Reached skill level 13 in Axes
  5690 | D:6      | Killed Dowan
  5690 | D:6      | Reached *** piety under Trog
  6009 | D:6      | Reached skill level 14 in Axes
  6278 | D:6      | Found a hazy altar of Hepliaklqana.
  6340 | D:6      | Noticed Eustachio
  6355 | D:6      | Killed Eustachio
  6356 | D:6      | Reached XP level 9. HP: 70/70 MP: 8/8
  6557 | D:6      | You are sucked into a shaft and drop 2 floors!
  7520 | D:6      | Reached skill level 1 in Evocations
  7772 | D:6      | Found a runed translucent door.
  7773 | D:6      | Noticed Crazy Yiuf
  7782 | D:6      | Killed Crazy Yiuf
  8139 | D:6      | Reached skill level 5 in Fighting
  8145 | D:6      | Reached **** piety under Trog
  8538 | D:7      | Reached skill level 5 in Armour
  9665 | D:8      | Reached XP level 10. HP: 80/84 MP: 9/9
 10378 | D:9      | Reached skill level 15 in Axes
 10607 | D:9      | Noticed a catoblepas
 10625 | D:9      | Killed a catoblepas
 10651 | D:9      | Identified the ring of the Sparrow {rPois rC+ Int+4 Dex+6}
 10698 | D:9      | Found a large runed translucent door.
 10700 | D:9      | Found a large runed translucent door.
 10702 | D:9      | Noticed P0WERM0DE's ghost (novice DsAK)
 11093 | D:9      | Killed P0WERM0DE's ghost
 11094 | D:9      | Reached skill level 16 in Axes
 11094 | D:9      | Reached skill level 5 in Evocations
 11098 | D:9      | Identified the +4 scale mail of Polish {+Blink Fly rF+}
 11272 | D:10     | Entered Level 10 of the Dungeon
 11292 | D:10     | Reached ***** piety under Trog
 11302 | D:10     | Found a flagged portal.
 11319 | Bailey   | Entered a bailey
 11757 | Bailey   | Noticed Prince Ribbit
 11766 | Bailey   | Killed Prince Ribbit
 11768 | Bailey   | Noticed a vault guard
 11781 | Bailey   | Reached XP level 11. HP: 76/92 MP: 10/10
 11782 | Bailey   | Killed a vault guard
 12110 | Bailey   | Noticed a vault guard
 12117 | Bailey   | Killed a vault guard
 12188 | D:10     | Noticed a two-headed ogre
 12189 | D:10     | Noticed Lodul
 12189 | D:10     | Noticed a two-headed ogre
 12194 | D:10     | Noticed a two-headed ogre
 12220 | D:9      | Killed a two-headed ogre
 12537 | D:9      | Killed a two-headed ogre
 12722 | D:10     | Reached skill level 17 in Axes
 12768 | D:10     | Noticed a two-headed ogre
 12827 | D:10     | Killed a two-headed ogre
 12830 | D:10     | Killed a two-headed ogre
 12837 | D:10     | Killed Lodul
 12996 | D:10     | Reached skill level 10 in Fighting
 13124 | D:10     | Noticed a two-headed ogre
 13133 | D:10     | Killed a two-headed ogre
 13154 | D:10     | HP: 2/101 [something (28)]
 13474 | D:10     | Noticed a two-headed ogre
 13483 | D:10     | Noticed an eight-headed hydra
 13493 | D:10     | Killed a two-headed ogre
 13494 | D:10     | Reached skill level 18 in Axes
 13720 | D:10     | Killed a four-headed hydra
 13721 | D:10     | Reached XP level 12. HP: 83/110 MP: 11/11
 14135 | D:10     | Noticed a two-headed ogre
 14141 | D:10     | Killed a two-headed ogre
 14307 | D:10     | Found a staircase to the Orcish Mines.
 14792 | D:10     | Identified a scroll of acquirement
 14805 | D:11     | Noticed Urug
 14819 | D:11     | Killed Urug
 15254 | D:11     | Found a staircase to the Lair.
 15281 | D:11     | Received a gift from Trog
 15288 | D:11     | Reached skill level 19 in Axes
 15943 | D:11     | Found a transporter.
 16003 | D:11     | Found a transporter.
 16010 | D:11     | Found a one-way gate to the infinite horrors of the Abyss.
 16010 | D:11     | Noticed Morbidden's ghost (journeyman TrBr)
 16041 | D:11     | Noticed a two-headed ogre
 16050 | D:11     | Killed a two-headed ogre
 16169 | D:11     | Noticed Fannar
 16187 | D:11     | Killed Fannar
 16499 | D:11     | Mangled by a snapping turtle (shapeshifter)

Illustrated notes

Levels and vault maps discovered:
D:1:      minmay_arrival_loop, layout_basic, nrook_campfire,
          minmay_tiny_reverse_x
D:2:      layout_basic
D:3:      layout_basic, nicolae_ecumenical_lake_church, serial_glass,
          glass_columns_c, glass_columns_a, glass_columns_a, glass_columns_a
D:4:      layout_rooms, uniq_edmund, uniq_pikel
D:5:      layout_layer_cave, serial_shops, nicolae_diamond_shop
D:6:      layout_basic, nicolae_hepliaklqana_hippocampus,
          minmay_temple_entry_overgrown, centaur_isle, uniq_crazy_yiuf_cottage,
          uniq_duvessa, uniq_eustachio
D:7:      layout_rooms
D:8:      layout_gridville, introduction_to_nature_2
D:9:      layout_small_grid, ebering_ghost_disaster_area,
          small_chamber_with_monster, minmay_misc_feat_diagonals,
          serial_bayou_pond_e, minmay_holes
D:10:     minmay_distorted_concentric_squares, layout_cave_pools,
          zombieorc2_lemuel, enter_bailey_5, dreamdust_princess_bridge,
          chequers_decorated_corner, kennysheep_just_a_vault, uniq_lodul
D:11:     layout_cave_pods, david_lair_generic, gammafunk_ghost_abyssal_escape,
          uniq_urug, uniq_fannar

Skill      XL: |  1  2  3  4  5  6  7  8  9 10 11 12 |
---------------+-------------------------------------+-----
Axes           | 4 5 6 7 10 11 14 16 18 19 | 19.4
Fighting       | 6 7 11 13 | 13.4
Armour         | 5 |  5.8
Evocations     | 2 6 |  6.0
Dodging        | 3 |  3.9

Action                   |  1- 3 |  4- 6 |  7- 9 | 10-12 || total
-------------------------+-------+-------+-------+-------++-------
Melee: Hand axe          |    80 |    61 |   291 |     7 ||   439
       Headbutt          |    15 |    11 |    72 |   103 ||   201
       Punch             |     1 |       |     3 |     9 ||    13
       War axe           |       |       |    42 |   373 ||   415
Invok: Berserk           |     1 |     3 |     3 |     8 ||    15
       Trog's Hand       |       |       |       |     8 ||     8
       Brothers in Arms  |       |       |       |     1 ||     1
Evoke: Wand              |       |       |     6 |    24 ||    30
  Use: Scroll            |       |       |    11 |     9 ||    20
       Potion            |       |       |     2 |     8 ||    10
 Stab: Distracted        |       |       |       |     1 ||     1
Armor: Animal skin       |    10 |       |       |       ||    10
       Ring mail         |     2 |       |       |       ||     2
       Plate armour      |    15 |    30 |   167 |   152 ||   364
Dodge: Dodged            |    49 |    28 |   105 |   197 ||   379

Table legend: (Time is in decaauts)
 A = Elapsed time spent in this place.
 B = Non-inter-level travel time spent in this place.
 C = Inter-level travel time spent in this place.
 D = Time resting spent in this place.
 E = Time spent auto-exploring this place.
 F = Levels seen in this place.
 G = Mean time per level.
                   A        B        C        D        E       F      G
               +--------+--------+--------+--------+--------+-----+--------+
         Total |  16416 |  15903 |    513 |   5560 |   8130 |  12 | 1368.0 |
       Dungeon |  15578 |  15065 |    513 |   4970 |   8004 |  11 | 1416.2 |
        Bailey |    838 |    838 |      0 |    590 |    126 |   1 |  838.0 |
               +--------+--------+--------+--------+--------+-----+--------+

Top non-repeatable levels by time:
     D:6: 2429 daAuts
     D:9: 2151 daAuts
     D:5: 1711 daAuts
    D:11: 1692 daAuts
    D:10: 1424 daAuts
     D:8: 1410 daAuts
     D:2: 1199 daAuts
     D:1: 1195 daAuts
     D:4: 933 daAuts
     D:7: 881 daAuts
  Bailey: 838 daAuts
     D:3: 549 daAuts
